 Dungeon Crawl Stone Soup version 0.30-a0-439-g9e77e4d916 (webtiles) character file.

Game seed: 3288443587357778907

1822 pokeman the Thaumaturge (level 8, 0/44 HPs)
             Began as a Deep Elf Hedge Wizard on Dec 11, 2022.
             Slain by a necrophage (2 damage)
             ... on level 7 of the Dungeon.
             The game lasted 00:18:30 (7236 turns).

pokeman the Thaumaturge (Deep Elf Hedge Wizard)     Turns: 7236, Time: 00:18:31

Health: 0/44       AC:  4    Str:  7    XL:     8   Next: 85%
Magic:  31/34      EV: 12    Int: 22    God:
Gold:   278        SH:  0    Dex: 14    Spells: 21/29 levels left

rFire   + + .      SeeInvis .    B - +7 mace of Wuifon {vamp, Fly rElec rF++}
rCold   . . .      Faith    .    (no shield)
rNeg    . . .      Spirit   .    h - +0 leather armour
rPois   +          Reflect  .    u - +0 helmet
rElec   +          Harm     .    (no cloak)
rCorr   .          Rampage  .    (no gloves)
Will    .....                    (no boots)
Stlth   ++........               t - amulet of the acrobat
HPRegen 0.27/turn                E - ring of poison resistance
MPRegen 0.24/turn                r - ring of magical power

@: flying
A: no striking features
a: no special abilities


You were on level 7 of the Dungeon.
You visited 2 branches of the dungeon, and saw 8 of its levels.

You collected 314 gold pieces.
You spent 36 gold pieces at shops.

Inventory:

Hand Weapons
 y - a +0 short sword of electrocution
 B - the +7 mace of Wuifon (weapon) {vamp, Fly rElec rF++}
   (You found it on level 4 of the Dungeon)

   It occasionally heals its wielder for a portion of the damage dealt when it
   wounds a living foe.
   rF:        It greatly protects you from fire.
   rElec:     It insulates you from electricity.
   Fly:       It grants you flight.
Missiles
 s - a throwing net
Armour
 h - a +0 leather armour (worn)
 l - a +0 robe of cold resistance
 u - a +0 helmet (worn)
 I - a +0 kite shield
Magical Staves
 j - a staff of cold
Jewellery
 p - a +6 ring of strength
 r - a ring of magical power (right hand)
 t - an amulet of the acrobat (around neck)
 w - a ring of see invisible
 x - a +4 ring of evasion
 E - a ring of poison resistance (left hand)
 J - a +4 ring of slaying
Wands
 z - a wand of roots (3)
Scrolls
 f - 12 scrolls of identify {unknown}
 i - 3 scrolls of amnesia {unknown}
 k - 2 scrolls of magic mapping {unknown}
 m - 3 scrolls of fear {unknown}
 o - 3 scrolls of noise {unknown}
 A - a scroll of poison {unknown}
 C - a scroll of enchant weapon {unknown}
 D - a scroll of fog {unknown}
 G - 2 scrolls of teleportation {unknown}
 H - a scroll of blinking {unknown}
 K - a scroll of vulnerability {unknown}
 L - a scroll of enchant armour {unknown}
Potions
 a - a potion of might {unknown}
 b - a potion of brilliance {unknown}
 c - a potion of curing
 d - a potion of magic
 e - 4 potions of heal wounds {unknown}
 g - 2 potions of degeneration {unknown}
 n - a potion of invisibility {unknown}
 q - a potion of mutation {unknown}
 v - a potion of flight {unknown}
 F - 2 potions of ambrosia {unknown}


   Skills:
 + Level 2.1 Fighting
 - Level 3.1 Armour
 - Level 3.2 Dodging
 - Level 3.0 Stealth
 * Level 11.0 Spellcasting
 + Level 5.9 Conjurations
 - Level 1.1 Summonings
 - Level 1.1 Translocations
 - Level 1.0 Ice Magic
 - Level 2.3 Air Magic
 - Level 1.0 Poison Magic
 - Level 1.0 Evocations


You had 21 spell levels left.
You knew the following spells:

 Your Spells              Type           Power      Damage    Failure   Level
a - Magic Dart            Conj           100%       1d8       1%          1
b - Mephitic Cloud        Conj/Pois/Air  25%        N/A       7%          3
c - Call Imp              Summ           16%        N/A       8%          2
d - Blink                 Tloc           32%        N/A       8%          2

Your spell library contained the following spells:

 Spells                   Type           Power      Damage    Failure   Level
 Poisonous Vapours        Pois/Air       38%        N/A       6%          2
 Slow                     Hex            48%        N/A       8%          1
 Cigotuvi's Dreadful Rot  Necr/Pois/Air  34%        N/A       8%          2
 Confusing Touch          Hex            12%        N/A       24%         3
 Vampiric Draining        Necr           12%        2d6       24%         3


Dungeon Overview and Level Annotations

Branches:
Dungeon (7/15)             Temple (1/1) D:4

Altars:
Ashenzari
Cheibriados
Dithmenos
Elyvilon
Fedhas
Gozag
Hepliaklqana
Kikubaaqudgha
Makhleb
Okawaru
Qazlal
Ru
Sif Muna
Trog
Uskayaw
Wu Jian
Xom
Yredelemnul
Zin
The Shining One

Shops:
D:1 *   D:3 (!


Message History

You kill the white imp!
Unknown command.
An orc warrior is nearby!
Casting: Magic Dart (safe; 1% risk of failure)
Confirm with . or Enter, or press ? or * to list all spells.
Aiming: Magic Dart (safe; 1% risk of failure)
Press: ? - help, Shift-Dir - straight line, f - orc warrior
Aim: an orc warrior, wielding a +0 glaive and wearing a +0 plate armour (wandering, hasn't noticed you, 100% to hit)
The magic dart hits the orc warrior but does no damage.
The orc warrior shouts!
You hear a shout! x2
An orc priest comes into view. It is wielding a +0 flail.
Casting: Magic Dart (safe; 1% risk of failure)
Confirm with . or Enter, or press ? or * to list all spells.
Aiming: Mephitic Cloud (dangerous; 7% risk of failure)
Press: ? - help, Shift-Dir - straight line, f/p - orc warrior
Aim: an orc warrior, wielding a +0 glaive and wearing a +0 plate armour (chance to affect: 81%)
The ball explodes into a vile cloud!
The stinking cloud engulfs the orc warrior but does no damage.
You hear a shout! x2
The orc warrior is engulfed in noxious fumes.
The orc warrior appears confused.
Unknown command.
Unknown command.
You hit the orc warrior but do no damage.
An orc comes into view. It is wielding a +0 short sword.
An orc comes into view. It is wielding a +0 flail.
The orc warrior hits you with a +0 glaive!
Unknown command.
You barely miss the orc warrior. The orc warrior barely misses you.
Unknown command.
You strike the helpless orc warrior from behind!
You hit the orc warrior.
The orc warrior is lightly wounded.
The orc priest is engulfed in noxious fumes.
The orc priest appears confused.
An orc comes into view. It is wielding a +0 whip.
The orc warrior hits you with a +0 glaive!!
* * * LOW HITPOINT WARNING * * *
The necrophage hits you.
You die...

###.. ## ##....
#.. ..... ....
. #)#.##.....
... ....#.....
....##......#
............#
#.....@o...#
.......n○....#
......○°°..)...
####...o.......
.. #.o..o......
. #...........
#.$.........
#..o....#...


You could see an orc warrior (confused), a necrophage, an orc priest (confused)
and 3 orcs.

Vanquished Creatures
  Eustachio (D:4)
  Duvessa (D:4)
  2 black bears (D:6)
  A bullfrog (D:6)
  2 scorpions (D:6)
  3 wights (D:5)
  4 hounds
  A bullfrog zombie (D:5)
  3 orc priests
  2 jellies
  6 iguanas
  5 orc wizards
  A hound zombie (D:5)
  Robin (D:4)
  9 gnolls
  6 adders
  3 white imps
  A worm (D:4)
  17 orcs
  8 ball pythons
  6 endoplasms
  3 giant cockroaches
  9 goblins
  10 hobgoblins
  5 jackals
  4 quokkas
  5 bats
  3 frilled lizards (D:2)
  6 kobolds
  4 rats
132 creatures vanquished.

Vanquished Creatures (collateral kills)
  An ice beast (D:6)
  Dowan (D:4)
  2 gnolls (D:2)
  An adder (D:6)
  A worm (D:4)
  An orc (D:3)
  3 jackals (D:2)
  A kobold (D:2)
11 creatures vanquished.

Vanquished Creatures (others)
  19 plants
19 creatures vanquished.

Grand Total: 162 creatures vanquished

Notes
Turn   | Place    | Note
-------+----------+-------------------------------------------
     0 | D:1      | pokeman the Deep Elf Hedge Wizard began the quest for the
                  | Orb.
     0 | D:1      | Reached XP level 1. HP: 10/10 MP: 7/7
   139 | D:1      | Found Rink's Assorted Antiques.
   618 | D:1      | Reached XP level 2. HP: 16/16 MP: 3/9
   834 | D:2      | Reached skill level 5 in Spellcasting
   936 | D:2      | Reached XP level 3. HP: 20/20 MP: 4/11
   979 | D:1      | Learned a level 3 spell: Mephitic Cloud
   982 | D:1      | Learned a level 2 spell: Call Imp
   985 | D:1      | Learned a level 2 spell: Blink
  1311 | D:2      | Reached skill level 1 in Fighting
  1326 | D:2      | Reached skill level 1 in Armour
  1457 | D:2      | Reached XP level 4. HP: 25/25 MP: 1/13
  1696 | D:2      | Found a shimmering altar of Xom.
  2049 | D:2      | Reached skill level 6 in Spellcasting
  2290 | D:3      | Found Mycsin's Antique Weapon Shoppe.
  2290 | D:3      | Found an ornate altar of the Wu Jian Council.
  2324 | D:3      | Reached XP level 5. HP: 6/29 MP: 13/15
  2443 | D:3      | Found a sacrificial altar of Ru.
  2593 | D:3      | Found Ciegh's Distillery.
  2642 | D:3      | Bought a potion of curing for 36 gold pieces
  2832 | D:3      | Reached skill level 1 in Evocations
  2947 | D:3      | Found a faded altar of an unknown god.
  3015 | D:3      | Found a hazy altar of Hepliaklqana.
  3477 | D:4      | Found a staircase to the Ecumenical Temple.
  3485 | Temple   | Entered the Ecumenical Temple
  3721 | D:4      | Reached skill level 1 in Ice Magic
  3721 | D:4      | Reached XP level 6. HP: 34/34 MP: 2/17
  3866 | D:4      | Reached skill level 1 in Air Magic
  3917 | D:4      | Noticed Robin
  3942 | D:4      | Killed Robin
  4077 | D:4      | Noticed Duvessa
  4083 | D:4      | Noticed Dowan
  4094 | D:4      | Killed Dowan
  4095 | D:4      | Reached skill level 7 in Spellcasting
  4195 | D:4      | Noticed Eustachio
  4259 | D:3      | Reached skill level 1 in Poison Magic
  4473 | D:4      | Killed Duvessa
  4474 | D:4      | Reached XP level 7. HP: 17/38 MP: 4/20
  4789 | D:4      | Killed Eustachio
  4790 | D:4      | Reached skill level 8 in Spellcasting
  4851 | D:4      | Identified the +7 mace of Wuifon {vamp, Fly rElec rF++}
  4882 | D:4      | Identified the +0 robe "Pojag" {+Blink rCorr Dex-3}
  4939 | D:5      | Entered Level 5 of the Dungeon
  5261 | D:5      | Found an ancient bone altar of Kikubaaqudgha.
  5679 | D:5      | Found a basalt altar of Yredelemnul.
  5712 | D:5      | Reached skill level 9 in Spellcasting
  5929 | D:5      | Reached XP level 8. HP: 36/44 MP: 23/23
  6250 | D:6      | Reached skill level 5 in Conjurations
  6331 | D:6      | Reached skill level 10 in Spellcasting
  6517 | D:6      | Found an iron altar of Okawaru.
  6722 | D:6      | Found a glowing golden altar of the Shining One.
  6830 | D:6      | Found a large runed translucent door.
  6830 | D:6      | Found a large runed translucent door.
  7027 | D:6      | Found a burning altar of Makhleb.
  7030 | D:6      | Found a shadowy altar of Dithmenos.
  7114 | D:7      | Reached skill level 11 in Spellcasting
  7236 | D:7      | HP: 2/44 [orc warrior/+0 glaive (18)]
  7236 | D:7      | Slain by a necrophage

Illustrated notes

Levels and vault maps discovered:
D:1:      dpeg_arrival_round_b, layout_rooms, serial_shops, nicolae_shop_crystal
D:2:      layout_loops_ring, basic_altar, nicolae_grassy_gnolls
D:3:      layout_loops_cross, overflow_temple_1_default,
          nicolae_hepliaklqana_hazy_memory, mainiacjoe_overflow_alcove_4,
          serial_forest, infiniplex_forest_corner_1,
          infiniplex_forest_straight_2, infiniplex_forest_clump_tiny,
          infiniplex_forest_lined_2, infiniplex_forest_corner_2,
          infiniplex_forest_lined_ring, infiniplex_forest_pool,
          infiniplex_forest_clump_small, infiniplex_forest_lined_corner,
          infiniplex_forest_lined_ring, hellmonk_ecumenical_altar_zigzags,
          serial_shops, nicolae_shop_trees, shop
D:4:      layout_gridville, minmay_temple_entry_sparse_star,
          grunt_ministairs_12, grunt_decor_one_mirror, minmay_diced_spiral,
          uniq_eustachio, uniq_duvessa, uniq_robin
D:5:      layout_basic, lemuel_zombie_altar_yredelemnul,
          kiku_gazebo_garden_becter
D:6:      layout_cave_pools, jmf_multi_god_temple2, marbit_many_paths,
          kennysheep_okawaru_gauntlet
D:7:      layout_cave_pools, lemuel_doored_altar, serial_shops,
          nicolae_take_the_stairs, minmay_misc_feat_pillars, uniq_menkaure
Temple:   chequers_temple_sunken

Skill      XL: |  1  2  3  4  5  6  7  8 |
---------------+-------------------------+-----
Spellcasting   | 5 6 7 9 11 | 11.0
Fighting       | 1 2 |  2.1
Armour         | 1 3 |  3.1
Conjurations   | 2 3 4 5 |  5.9
Stealth        | 3 |  3.0
Dodging        | 3 |  3.2
Evocations     | 1 |  1.0
Ice Magic      | 1 |  1.0
Air Magic      | 1 2 |  2.3
Poison Magic   | 1 |  1.0
Summonings     | |  1.1
Translocations | |  1.1

Action                   |  1- 3 |  4- 6 |  7- 9 || total
-------------------------+-------+-------+-------++-------
Melee: Dagger            |     7 |     4 |       ||    11
       Long sword        |       |    21 |       ||    21
       Punch             |       |     1 |     2 ||     3
       Short sword       |       |     7 |     5 ||    12
       Mace              |       |       |    73 ||    73
 Cast: Magic Dart        |    69 |   154 |   121 ||   344
       Call Imp          |     5 |    17 |     2 ||    24
       Blink             |       |     2 |       ||     2
       Mephitic Cloud    |       |    11 |    14 ||    25
 Stab: Confused          |       |     7 |    11 ||    18
Armor: Leather armour    |     9 |    16 |    17 ||    42
       Robe              |     1 |       |       ||     1
Dodge: Dodged            |    14 |    56 |    61 ||   131

Table legend: (Time is in decaauts)
 A = Elapsed time spent in this place.
 B = Non-inter-level travel time spent in this place.
 C = Inter-level travel time spent in this place.
 D = Time resting spent in this place.
 E = Time spent auto-exploring this place.
 F = Levels seen in this place.
 G = Mean time per level.
                   A        B        C        D        E       F      G
               +--------+--------+--------+--------+--------+-----+--------+
         Total |   7322 |   7028 |    294 |    424 |   5300 |   8 |  915.2 |
       Dungeon |   7122 |   6838 |    284 |    424 |   5116 |   7 | 1017.4 |
        Temple |    200 |    190 |     10 |      0 |    183 |   1 |  200.0 |
               +--------+--------+--------+--------+--------+-----+--------+

Top non-repeatable levels by time:
     D:2: 1366 daAuts
     D:3: 1322 daAuts
     D:5: 1266 daAuts
     D:4: 1185 daAuts
     D:1: 924 daAuts
     D:6: 906 daAuts
  Temple: 200 daAuts
     D:7: 151 daAuts
